 Dungeon Crawl Stone Soup version 0.21-a0-176-gb3d4b37 (webtiles) character file.

37891520 p0werm0de the Wrestler (level 27, 331/331 HPs)
             Began as a Demonspawn Artificer on Aug 8, 2017.
             Was the Champion of Cheibriados.
             Escaped with the Orb
             ... and 15 runes!
             The game lasted 04:18:27 (38742 turns).

p0werm0de the Wrestler (Demonspawn Artificer)      Turns: 38742, Time: 04:18:28

Health: 331/331    AC: 37    Str: 45    XL:     27
Magic:  45/45      EV: 35    Int: 30    God:    Cheibriados [******]
Gold:   4869       SH: 25    Dex: 28    Spells: 1/63 levels left

rFire    + + .     SeeInvis +     - Unarmed
rCold    + . .     Gourm    .   h - +5 shield {rN+}
rNeg     + + .     Faith    .   (armour currently unavailable)
rPois    ∞         Spirit   .   (helmet unavailable)
rElec    +         Reflect  .   t - +2 cloak {+Inv}
rCorr    .         Harm     .   (gloves currently unavailable)
MR       ++++.                  (boots currently unavailable)
Stlth    ++++......             Y - amulet of Vitality {Regen+ HP+15}
HPRegen  1.05/turn              a - ring of Secrets {+Fly rPois rF+ Str+2}
MPRegen  0.29/turn              k - ring of Duochuw {rC+ MR++ Str+4 SInv Stlth+}

@: statue-form, flying, studying Evocations, very slow
A: antennae 3, beak, thin metallic scales 3, clever 1, clumsy 1, fire resistance
1, nightstalker 3, electricity resistance, spiny 3, augmentation 3
0: Orb of Zot
}: 15/15 runes: decaying, slimy, silver, golden, iron, obsidian, icy, bone,
abyssal, demonic, glowing, magical, fiery, dark, gossamer
a: End Transformation, Bend Time, Temporal Distortion, Slouch, Step From Time,
Renounce Religion, Evoke Invisibility


You escaped.
You worshipped Cheibriados.
Cheibriados was exalted by your worship.
You were full.
You were a stone statue.
You visited 17 branches of the dungeon, and saw 88 of its levels.
You visited Pandemonium 2 times, and saw 30 of its levels.
You visited the Abyss 2 times.
You visited 1 ziggurat, and saw 12 of its levels.
You also visited: Ossuary and Ice Cave.

You collected 9803 gold pieces.
You spent 4934 gold pieces at shops.

Inventory:

Hand Weapons
 B - the +8 demon blade "Leech" {vamp, rN+ AC-3 EV-3}
   (You took it off a deep elf demonologist on level 3 of the Elven Halls)

   It inflicts no extra harm, but heals its wielder when it wounds a living foe.
   It affects your AC (-3).
   It affects your evasion (-3).
   It protects you from negative energy.
Missiles
 o - 2 throwing nets (quivered)
Armour
 h - a +5 shield of positive energy (worn)
 i - the +2 robe of Vines (melded) {NoPotionHeal Regen+7}
   (You bought it in a shop on level 2 of the Orcish Mines)

   It increases your rate of regeneration.
 t - a +2 cloak of invisibility (worn)
 A - the +0 pair of boots of the Wilderness (melded) {rElec rN+ Str+2 Dex-2}
   (You found it on level 3 of the Elven Halls)

   It affects your strength (+2).
   It affects your dexterity (-2).
   It insulates you from electricity.
   It protects you from negative energy.
 I - a +2 pair of gloves (melded)
 V - the cursed +0 large shield of Divine Intervention {rF+ Str+3 Slay+2}
   (You took it off a deep elf annihilator on level 3 of the Elven Halls)

   It affects your strength (+3).
   It affects your accuracy and damage with ranged weapons and melee attacks
   (+2).
   It protects you from fire.
   It has a curse placed upon it.
Magical Staves
 e - an uncursed staff of wizardry
Jewellery
 a - the ring of Secrets (left hand) {+Fly rPois rF+ Str+2}
   (You took it off a deep elf sorcerer on level 3 of the Elven Halls)

   [ring of protection from fire]

   It affects your strength (+2).
   It protects you from fire.
   It protects you from poison.
   It lets you fly.
 c - the amulet "Aroehag" {+Rage rPois MR+ Str-4 Int+6}
   (You found it in Pandemonium)

   [amulet of rage]

   It affects your strength (-4).
   It affects your intelligence (+6).
   It protects you from poison.
   It affects your resistance to hostile enchantments.
   It lets you go berserk.
 k - the ring of Duochuw (right hand) {rC+ MR++ Str+4 SInv Stlth+}
   (You took it off a deep elf annihilator on level 3 of the Elven Halls)

   [ring of see invisible]

   It affects your strength (+4).
   It protects you from cold.
   It affects your resistance to hostile enchantments.
   It lets you see invisible.
   It makes you more stealthy.
 l - an uncursed ring of positive energy
 q - the amulet "Yrit" {Reflect rC- rN+++ Int+4 SH+5}
   (You found it on level 3 of the Tomb of the Ancients)

   [amulet of reflection]

   It shields you and reflects attacks.
   It affects your intelligence (+4).
   It makes you vulnerable to cold.
   It renders you almost immune to negative energy.
   It affects your SH (+5).
 E - the amulet "Fyguhau" {Reflect rF+ SH+3}
   (You took it off an orc on level 3 of the Elven Halls)

   [amulet of reflection]

   It shields you and reflects attacks.
   It protects you from fire.
   It affects your SH (+3).
 K - an uncursed ring of wizardry
 M - the macabre finger necklace {rN+}
   (You found it on level 10 of a ziggurat)

   [amulet of nothing]

   It protects you from negative energy.
 R - the ring of the Okapi {Ice +Blink MR+ Slay-3}
   (You acquired it in an ice cave)

   [ring of ice]

   It enhances your ice magic.
   It affects your accuracy and damage with ranged weapons and melee attacks
   (-3).
   It makes you vulnerable to fire.
   It protects you from cold.
   It affects your resistance to hostile enchantments.
   It lets you blink.
 Y - the amulet of Vitality (around neck) {Regen+ HP+15}
   (You found it on level 7 of Gehenna)

   [amulet of regeneration]

   It affects your health (+15).
   It increases your rate of regeneration.
Wands
 d - a wand of digging (14/24)
 m - a wand of clouds (4/9)
 Z - a wand of enslavement (14/24)
Scrolls
 b - 3 scrolls of immolation
 n - 10 scrolls of amnesia
 p - 3 scrolls of fog
 w - 2 scrolls of blinking
 x - a scroll of identify
 z - 4 scrolls of fear
 G - a scroll of teleportation
 H - 21 scrolls of remove curse
 J - a scroll of recharging
 X - a scroll of summoning
Potions
 g - 2 potions of brilliance
 j - 3 potions of mutation
 r - a potion of resistance
 u - a potion of magic
 F - 6 potions of agility
 L - 4 potions of cancellation
 O - 6 potions of heal wounds
 W - 7 potions of curing
Books
 C - a book of Unlife

   Spells                             Type                      Level
   a - Recall                         Summoning/Translocation      3
   b - Animate Dead                   Necromancy                   4
   c - Control Undead                 Necromancy                   4
   d - Cigotuvi's Embrace             Necromancy                   5
   e - Death Channel                  Necromancy                   6
   f - Simulacrum                     Ice/Necromancy               6
 S - a book of the Earth

   Spells                             Type                      Level
   a - Leda's Liquefaction            Hexes/Earth                  4
   b - Bolt of Magma                  Conjuration/Fire/Earth       5
   c - Statue Form                    Transmutation/Earth          6
   d - Iron Shot                      Conjuration/Earth            6
   e - Shatter                        Earth                        9
 T - a Necronomicon

   Spells                             Type                      Level
   a - Haunt                          Necromancy/Summoning         7
   b - Borgnjor's Revivification      Necromancy                   8
   c - Death's Door                   Charms/Necromancy            8
   d - Infestation                    Necromancy                   8
   e - Necromutation                  Transmutation/Necromancy     8
 U - a manual of Evocations
Miscellaneous
 y - 2 sacks of spiders
 D - 5 boxes of beasts
 N - a figurine of a ziggurat
 P - a lamp of fire
 Q - 6 phantom mirrors
Comestibles
 f - 14 bread rations


   Skills:
 - Level 24.6 Fighting
   Level 0.8 Short Blades
 - Level 21.4 Dodging
 - Level 17.1 Stealth
 * Level 20.1 Shields
 - Level 26.0 Unarmed Combat
 - Level 18.5 Spellcasting
   Level 4.9 Summonings
 - Level 18.1 Necromancy
 - Level 11.1 Translocations
 - Level 13.0 Transmutations
 - Level 10.5 Earth Magic
 - Level 12.0 Invocations
 - Level 6.2 Evocations


You had one spell level left.
You knew the following spells:

 Your Spells              Type           Power        Failure   Level  Hunger
a - Apportation           Tloc           ######       0%          1    None
b - Blink                 Tloc           N/A          1%          2    None
c - Lesser Beckoning      Tloc           ########..   1%          3    None
d - Regeneration          Chrm/Necr      ########..   1%          3    None
e - Dragon Form           Tmut           ########..   6%          7    ####...
f - Passwall              Tmut/Erth      ########..   1%          2    None
i - Cause Fear            Hex            ######....   14%         4    None
k - Control Undead        Necr           ########..   0%          4    None
m - Sublimation of Blood  Necr           ########..   0%          2    None
q - Statue Form           Tmut/Erth      ########.    1%          6    None
t - Lee's Rapid Deconstr  Erth           ########..   1%          5    None
u - Confusing Touch       Hex            ######       1%          1    None
w - Irradiate             Conj/Tmut      #######...   2%          5    None
x - Passage of Golubria   Tloc           N/A          1%          4    None
z - Yara's Violent Unrav  Hex/Tmut       #######...   2%          5    None
P - Borgnjor's Revivific  Necr           ########..   5%          8    #####..


Dungeon Overview and Level Annotations

Branches:
Dungeon (15/15)            Temple (0/1) D:5            Lair (6/6) D:8
  Swamp (4/4) Lair:2       Spider (4/4) Lair:4        Slime (5/5) Lair:5
    Orc (2/2) D:10            Elf (3/3) Orc:2        Vaults (5/5) D:14
  Crypt (3/3) Vaults:2       Tomb (3/3) Crypt:3      Depths (5/5) D:15
   Hell (1/1)                 Dis (7/7) Hell            Geh (7/7) Hell
    Coc (7/7) Hell            Tar (7/7) Hell            Zot (5/5) Depths:5

Altars:
Ashenzari
Cheibriados
Hepliaklqana
Kikubaaqudgha
Nemelex Xobeh
Okawaru
Qazlal
Ru
Sif Muna
Trog
Xom
Yredelemnul
Jiyva

Shops:
Orc:2 ?:*%   Elf:2 =   Vaults:4 :   Vaults:5 *   Depths:3 *

Portals:
Hell: Depths:3 Depths:5
Pandemonium: Depths:3
Trove: Elf:2 (give +5 demon whip)


Innate Abilities, Weirdness & Mutations

You have a pair of large antennae on your head. (SInv)
(You are completely covered in thin metallic scales. (AC +4, rElec))
You are completely attuned to the shadows.
You are completely covered in sharp spines.
Your magical and physical power is greatly enhanced at high health.
You have a beak for a mouth.
Your mind is acute. (Int +2)
You are clumsy. (Dex -2)
Your flesh is heat resistant. (rF+)
You are resistant to electric shocks. (rElec)


Message History

The rust devil is severely wounded.
You block the rust devil's attack.
You squash the rust devil like an ant!!!
You kill the rust devil!
Cheibriados thoroughly appreciates the change of pace.
Casting: Passwall
Confirm with . or Enter, or press ? or * to list all spells.
You extend your transformation's duration.
An ice devil comes into view.
You block the ice devil's attack. x2
You pound the ice devil into fine dust!!!
You kill the ice devil!
Cheibriados thoroughly appreciates the change of pace.
There is a large open door here.
There is a large open door here.
There is a fountain of clear blue water here.
There is a staircase leading out of the dungeon here.
You feel very buoyant.
You fly up into the air.
You have escaped!

#....#############.## ####.#.....
.......###########..###..........
##..##....##....8....##......####
#....+....##.##...##.##......#
######....##..##.##..##......#
#.........#'#..#######.##
#....##.[.#'#..### #..
#######..##⌠##...# ##.
#..'⌠8⌠+...##### .
#..##⌠##.......#
##..#'#..#.###.## ##..#'#..#.#
.... #..##.##...###.....
#.##...##.........#
#....8..).#.##....#
###.#.............# .#
#...............##.#


There were no monsters in sight!

Vanquished Creatures
  Cerebov (Pan)
  Asmodeus (Geh:7)
  Ereshkigal (Tar:7)
  Antaeus (Coc:7)
  the Royal Jelly (Slime:5)
  Gloorx Vloq (Pan)
  Lom Lobon (Pan)
  Mnoleg (Pan)
  Dispater (Dis:7)
  6 orbs of fire
  The ghost of p0werm0de the Warrior, a legendary DsAr of Uskayaw (Dis:7)
  A juggernaut (Depths:2)
  6 ancient liches
  Sojobo (Tomb:1)
  17 greater mummies
  The ghost of Tungsten the Hoplite, a legendary HaHu of Makhleb (Zot:5)
  the Lernaean hydra (Swamp:4)
  Boris (Tomb:1)
  9 shard shrikes
  11 pandemonium lords
  4 Killer Klowns (Zot:5)
  2 caustic shrikes
  Jory (Crypt:3)
  Geryon (Hell)
  A profane servitor (Depths:4)
  8 golden dragons
  An electric golem (Zot:5)
  4 bone dragons
  18 Brimstone Fiends
  7 doom hounds
  3 iron giants
  23 Tzitzimimeh
  Jorgrun (Spider:2)
  10 Ice Fiends
  7 liches
  9 Hell Sentinels
  5 tentacled monstrosities
  4 deep elf blademasters (Elf:3)
  5 titans
  23 Orb Guardians
  4 deep elf master archers (Elf:3)
  4 quicksilver dragons
  19 acid blobs
  2 death cobs
  An eldritch tentacle (Pan)
  18 Executioners
  18 sphinxes
  15 ancient champions
  Gastronok (D:8)
  11 storm dragons
  A thorn hunter (Swamp:4)
  A shadow dragon (shapeshifter) (Depths:4)
  17 shadow dragons
  11 tengu reavers
  3 revenants (Tomb:1)
  3 daevas (Pan)
  15 azure jellies
  4 nagarajas (Zig:9)
  4 draconian knights
  14 fire giants
  14 frost giants
  A fire giant (shapeshifter) (Zig:2)
  14 corrupters
  29 balrugs
  8 deep elf sorcerers (Elf:3)
  3 draconian scorchers
  6 emperor scorpions
  4 angels (Pan)
  10 vault wardens
  16 cacodemons
  3 curse skulls
  12 warmongers (Pan)
  A draconian shifter (Zot:5)
  5 ghost moths
  5 deep elf elementalists (Elf:3)
  5 iron dragons
  2 spriggan defenders
  2 elemental wellsprings
  13 ironheart preservers
  13 ghouls
  13 very ugly things
  An ophan (Pan)
  18 stone giants
  3 war gargoyles
  7 blood saints (Pan)
  2 entropy weavers
  16 vampire knights
  A green draconian (Zot:5)
  43 reapers
  7 bennus (Tomb:3)
  9 black suns (Pan)
  A black draconian (Zot:5)
  10 deep elf demonologists
  6 apis (Pan)
  2 purple draconians (Zot:3)
  5 deep elf annihilators
  2 red draconians (Zot:5)
  17 lorocyprocas
  2 yellow draconians
  2 dire elephants (Lair:6)
  13 spark wasps
  16 blizzard demons
  2 white draconians
  An ettin (shapeshifter) (Abyss:3)
  2 eidola (Crypt:3)
  10 deep elf death magi
  2 crystal guardians (Abyss:3)
  4 quicksilver dragon zombies
  8 ettins
  13 death oozes
  A merfolk impaler (Zig:3)
  7 deep elf high priests
  11 jiangshi
  14 green deaths
  14 fire dragons
  17 mummy priests
  12 yaktaur captains
  A kraken zombie (Coc:7)
  4 hell beasts
  A naga warrior (Zig:9)
  4 monstrous demonspawn (Pan)
  16 hydras
  Fannar (D:11)
  8 rakshasas
  37 vault guards
  15 ogre magi
  15 great orbs of eyes
  9 spriggan air magi
  12 ice dragons
  5 centaur warriors
  A great orb of eyes (shapeshifter) (Abyss:3)
  25 large abominations
  An anaconda (Lair:6)
  37 two-headed ogres
  18 dancing weapons
  4 death knights
  7 deep troll shamans
  46 death scarabs
  3 orc high priests
  6 tengu warriors
  3 alligators
  6 deep troll earth magi
  4 spriggan berserkers (Depths:3)
  2 naga sharpshooters (Zig:9)
  6 titan zombies
  5 iron golems
  15 hell hogs
  Urug (Orc:1)
  12 vampire magi
  25 soul eaters
  4 thrashing horrors
  9 deep elf knights
  7 storm dragon zombies
  3 shadow wraiths
  72 sun demons
  3 golden dragon zombies
  4 anaconda zombies
  3 wretched stars
  86 skeletal warriors
  2 spectral emperor scorpions (Spider:4)
  16 iron trolls
  24 sixfirhies
  A death drake (Zig:10)
  A spatial maelstrom (Abyss:3)
  A storm dragon skeleton (Geh:5)
  27 hell knights
  A spriggan druid (Swamp:4)
  4 fire crabs (Zig:12)
  7 glowing orange brains
  12 infernal demonspawn (Pan)
  5 gelid demonspawn (Pan)
  A spark wasp zombie (Zig:6)
  7 unseen horrors (Abyss:3)
  12 deep trolls
  A swamp dragon (shapeshifter) (Elf:3)
  A ghost moth zombie (Dis:7)
  6 wizards
  A golden dragon skeleton (Coc:7)
  22 shadow demons
  12 flayed ghosts
  15 harpies
  22 phantasmal warriors
  14 torturous demonspawn (Pan)
  8 swamp dragons
  A lindwurm (shapeshifter) (Vaults:5)
  2 kraken simulacra
  2 anaconda skeletons (Geh:7)
  Pikel (D:8)
  13 ironbrand convokers
  A glowing shapeshifter (Depths:4)
  2 shadow dragon zombies
  33 deep elf magi
  7 orc knights
  3 spectral wolf spiders (Spider:4)
  19 ugly things
  11 deep elf archers
  8 orb spiders
  4 wolf spider zombies
  8 necromancers
  2 shadow dragon skeletons
  25 wolf spiders
  A harpy (shapeshifter) (Depths:4)
  2 frost giant zombies
  2 salamanders (shapeshifter) (Vaults:3)
  A cyclops (Vaults:2)
  5 iron dragon zombies
  3 mana vipers (shapeshifter)
  5 shining eyes
  4 fire giant zombies
  2 salamanders (Zig:9)
  An elephant (shapeshifter) (Vaults:2)
  6 moths of wrath
  3 fire giant skeletons
  7 stone giant zombies
  2 stone giant skeletons
  2 guardian serpents (shapeshifter) (Abyss:3)
  7 black mambas
  Joseph (D:8)
  2 iron dragon skeletons
  3 manticores
  3 eyes of devastation
  37 rust devils
  16 elephants
  A naga mage (Zig:9)
  3 centaur zombies
  5 frost giant skeletons
  2 dire elephant zombies
  10 vault sentinels
  7 molten gargoyles (Geh:7)
  An alligator snapping turtle zombie (Crypt:3)
  A black mamba (shapeshifter) (Elf:3)
  3 guardian serpents (Zig:9)
  3 ice statues (IceCv)
  2 titan simulacra
  34 smoke demons
  A spriggan zombie (Zig:5)
  2 torpor snails (Zig:11)
  2 apocalypse crabs (Zig:7)
  A catoblepas zombie (Dis:4)
  2 shock serpent skeletons
  A gargoyle (D:12)
  33 hellions
  14 orange demons
  19 spiny frogs
  2 spectral redbacks (Spider:4)
  An emperor scorpion zombie (Coc:7)
  5 dire elephant skeletons
  3 kobold demonologists
  A rime drake (Zig:10)
  A sea snake zombie (Crypt:2)
  12 efreet
  4 komodo dragons
  18 demonic crawlers
  29 ice devils
  A redback zombie (Spider:4)
  A yellow draconian skeleton (Crypt:2)
  38 tormentors
  28 yaktaurs
  17 hellwings (Pan)
  An anaconda simulacrum (Hell)
  39 guardian mummies
  A queen ant zombie (Crypt:3)
  28 freezing wraiths
  22 red devils
  2 tengu conjurers
  3 merfolk (Zig:3)
  2 jumping spiders (shapeshifter)
  17 jumping spiders
  9 hydra zombies
  4 silent spectres
  3 polar bears
  A polar bear (shapeshifter) (Vaults:5)
  7 trolls
  2 harpy skeletons
  4 harpy zombies
  2 wind drakes
  A yaktaur skeleton (Vaults:5)
  18 hornets
  A spectral jumping spider (Spider:4)
  4 tyrant leeches
  3 spectral tarantellas (Spider:4)
  4 alligator zombies
  8 hydra skeletons
  5 ice dragon zombies
  A raiju (Zig:7)
  21 blink frogs
  A raiju (shapeshifter) (Vaults:5)
  4 hippogriffs
  8 bog bodies
  4 ettin zombies
  71 slime creatures
  4 fire dragon zombies
  3 black mamba zombies
  3 tarantella zombies (Spider:4)
  3 alligator skeletons
  83 flying skulls
  A stone giant simulacrum (Coc:7)
  9 air elementals (Depths:4)
  4 ettin skeletons
  21 vampires (Crypt:3)
  25 redbacks
  25 shadows
  19 tarantellas
  8 spriggans
  A wyvern (D:8)
  2 hogs (D:7)
  A human (D:7)
  3 ice dragon skeletons
  A dire elephant simulacrum (Coc:4)
  3 water elementals
  19 wraiths
  7 ushabtiu
  3 fire dragon skeletons
  21 ynoxinuls
  A redback (shapeshifter) (Depths:4)
  3 fire bats (Pan)
  25 chaos spawn
  33 yaks
  16 fire elementals
  8 basilisks
  19 neqoxecs (Pan)
  Grum (D:9)
  2 steam dragons
  A hungry ghost (D:8)
  Menkaure (D:5)
  3 insubstantial wisps (Swamp:3)
  4 wargs
  5 swamp worms
  A naga (shapeshifter) (Abyss:3)
  6 spiny frog zombies
  A hydra simulacrum (Coc:4)
  2 floating eyes
  Duvessa (D:7)
  3 tengu skeletons
  2 deep troll skeletons (Vaults:5)
  10 water moccasins
  4 acid dragons (Zig:10)
  A two-headed ogre skeleton (Crypt:3)
  58 hell hounds
  8 porcupines
  26 orc warriors
  A spectral hornet (Spider:4)
  5 eyes of draining
  9 ice beasts
  4 sky beasts
  A manticore zombie (Geh:7)
  5 phantoms
  A spiny frog skeleton (Geh:2)
  A hornet zombie (Spider:4)
  2 elf zombies (Vaults:5)
  4 snapping turtle zombies
  An alligator simulacrum (Coc:6)
  15 necrophages
  54 ogres
  An eye of draining (shapeshifter) (Depths:3)
  13 swamp drakes
  2 boggarts (Depths:2)
  9 wolves
  3 centaurs
  10 crocodiles
  A manticore skeleton (Geh:7)
  2 swamp dragon skeletons
  A big kobold (D:7)
  Blork the orc (D:4)
  2 earth elementals (Zig:8)
  A wyvern zombie (D:12)
  15 bullfrogs
  6 small abominations
  Dowan (D:7)
  4 scorpions
  A snapping turtle simulacrum (Coc:2)
  55 killer bees
  55 wights
  A howler monkey (D:11)
  3 crimson imps
  A human simulacrum (Vaults:2)
  2 draconian simulacra (IceCv)
  10 starcursed masses (Abyss:3)
  A hound (D:10)
  A human zombie (D:15)
  3 jellies
  3 centaur skeletons
  12 orc priests
  28 iron imps
  2 iguanas
  Ijyb (D:3)
  19 orc wizards
  10 worker ants
  A spriggan simulacrum (IceCv)
  3 troll simulacra (IceCv)
  A centaur simulacrum (IceCv)
  2 tengu zombies
  A naga skeleton (Crypt:2)
  28 mummies
  A worker ant zombie (D:6)
  Robin (D:2)
  11 adders
  3 naga simulacra (IceCv)
  10 shadow imps
  6 white imps
  2 oozes
  2 adder zombies
  4 adder skeletons
  A worm (D:4)
  2 dart slugs (D:2)
  3 leopard geckos
  55 orcs
  A bat zombie (Crypt:3)
  8 giant cockroaches
  8 goblins
  13 hobgoblins
  24 jackals
  3 quokkas
  2 ball python skeletons
  4 bats
  3 frilled lizards
  A goblin zombie (D:6)
  2 hobgoblin skeletons (Ossuary)
  2 hobgoblin zombies (Ossuary)
  12 kobolds
  4 kobold zombies
  2 leopard gecko skeletons
  An orc skeleton (Ossuary)
  An orc zombie (Crypt:3)
  2 quokka skeletons
  A quokka zombie (D:6)
  6 rats
  3 fire vortices (Pan)
  A lurking horror (Abyss:3)
  2 plants (Lair:6)
  3 tentacles
3625 creatures vanquished.

Vanquished Creatures (collateral kills)
  Mara (Tomb:3)
  An acid blob (Slime:4)
  A bennu (Tomb:3)
  12 death scarabs (Tomb:3)
  A blink frog (Lair:1)
  A yak (Lair:1)
  A hungry ghost (D:8)
  A phantom (D:8)
  An orc wizard (D:7)
  An orc (D:8)
21 creatures vanquished.

Vanquished Creatures (others)
  An Orb Guardian (Zot:5)
  5 eldritch tentacles
  A fire giant (Geh:7)
  An elemental wellspring (Coc:7)
  A deep elf elementalist (Elf:3)
  A deep elf annihilator (Elf:3)
  An ice dragon (Coc:7)
  A hell beast (Pan)
  4 death scarabs
  A sixfirhy (Pan)
  A skeletal warrior (Hell)
  A large abomination (Zot:2)
  An unseen horror (Abyss:3)
  A glowing orange brain (Pan)
  A swamp dragon (Swamp:4)
  A moth of wrath (Zot:5)
  A frost giant skeleton (Coc:7)
  A rust devil (Hell)
  A smoke demon (Pan)
  A hellion (Geh:7)
  An ettin zombie (Geh:2)
  A flying skull (Tomb:3)
  2 shadows (Geh:5)
  A redback (Spider:4)
  An ice dragon skeleton (Geh:2)
  A hell hound (Dis:6)
  A naga (Zig:9)
  A porcupine (Lair:1)
  4 slaves (D:8)
  An orc warrior (D:8)
  A necrophage (Geh:6)
  A crocodile (Lair:1)
  A killer bee (D:8)
  An iron imp (Dis:6)
  2 orc priests
  3 orc wizards (D:8)
  A killer bee zombie (D:8)
  A tengu zombie (Geh:2)
  2 mummies
  8 ball lightnings (Pan)
  An orc (Orc:2)
  A block of ice (Pan)
  3 demonic plants (Pan)
  13 fungi
  11 plants
  15 tentacles
106 creatures vanquished.

Grand Total: 3752 creatures vanquished

Notes
Turn   | Place    | Note
-------+----------+-------------------------------------------
     0 | D:1      | p0werm0de the Demonspawn Artificer began the quest for the Orb.
     0 | D:1      | Reached XP level 1. HP: 15/15 MP: 3/3
   311 | D:1      | Gained mutation: You are partially covered in sharp spines. [demonic ancestry]
   311 | D:1      | Reached XP level 2. HP: 16/21 MP: 4/4
   455 | D:3      | Noticed Ijyb
   485 | D:3      | Gained mutation: Your spells are a little harder to cast, but a little more powerful. [potion of mutation]
   485 | D:3      | Gained mutation: You possess an exceptional clarity of mind. [potion of mutation]
   500 | D:3      | Killed Ijyb
   500 | D:3      | Reached skill level 1 in Shields
   500 | D:3      | Reached XP level 3. HP: 5/26 MP: 5/5
   744 | D:3      | Found a snail-covered altar of Cheibriados.
   752 | D:3      | Became a worshipper of Cheibriados the Contemplative
   880 | D:2      | Noticed Robin
   898 | D:2      | Killed Robin
   898 | D:2      | Reached skill level 2 in Fighting
   906 | D:2      | Reached skill level 2 in Shields
   909 | D:2      | Reached XP level 4. HP: 20/33 MP: 6/6
  1032 | D:2      | Reached * piety under Cheibriados
  1720 | D:2      | Reached skill level 3 in Fighting
  1742 | D:2      | Gained mutation: You have a pair of small antennae on your head. [demonic ancestry]
  1742 | D:2      | Reached XP level 5. HP: 37/41 MP: 7/7
  1867 | D:2      | Reached ** piety under Cheibriados
  1912 | D:3      | Found an ancient bone altar of Kikubaaqudgha.
  2001 | D:4      | Noticed Blork the orc
  2010 | D:4      | Reached skill level 3 in Shields
  2076 | D:4      | HP: 6/61 [poisoned by Blork the orc]
  2081 | D:4      | HP: 4/61 [poisoned by Blork the orc]
  2088 | D:4      | HP: 3/61 [poisoned by Blork the orc]
  2115 | D:4      | Found a bloodstained altar of Trog.
  2140 | D:4      | Killed Blork the orc
  2140 | D:4      | Gained mutation: You are partially covered in thin metallic scales. (AC +2) [demonic ancestry]
  2140 | D:4      | Reached XP level 6. HP: 43/48 MP: 8/8
  2171 | D:4      | Reached skill level 4 in Fighting
  2480 | D:5      | Entered Level 5 of the Dungeon
  2540 | D:5      | Reached skill level 4 in Shields
  2633 | D:5      | Found a staircase to the Ecumenical Temple.
  2666 | D:5      | Noticed Menkaure
  2671 | D:5      | Killed Menkaure
  2671 | D:5      | Reached skill level 5 in Fighting
  2671 | D:5      | Gained mutation: You are slightly more attuned to the shadows. [demonic ancestry]
  2671 | D:5      | Reached XP level 7. HP: 56/56 MP: 9/9
  2688 | D:5      | Found an iron altar of Okawaru.
  2719 | D:5      | Gained mutation: Your flesh is cold resistant. (rC+) [mutagenic meat]
  2720 | D:5      | Gained mutation: You are frail. (-10% HP) [mutagenic meat]
  2722 | D:5      | Lost mutation: You are frail. (-10% HP) [mutagenic meat]
  2724 | D:5      | Gained mutation: You have sharp fingernails. [mutagenic meat]
  2727 | D:5      | Found a shimmering altar of Xom.
  2727 | D:5      | Found a shattered altar of Ashenzari.
  2751 | D:5      | Reached skill level 5 in Shields
  2915 | D:5      | Found a sacrificial altar of Ru.
  2916 | D:5      | Found a stormy altar of Qazlal.
  3027 | D:5      | Reached *** piety under Cheibriados
  3174 | D:5      | Reached skill level 6 in Fighting
  3319 | D:5      | Reached XP level 8. HP: 40/64 MP: 10/10
  3432 | D:6      | Reached skill level 6 in Shields
  3498 | D:6      | Found a sand-covered staircase.
  3505 | Ossuary  | Entered an ossuary
  3604 | Ossuary  | Reached **** piety under Cheibriados
  3654 | Ossuary  | Noticed a flying skull
  3703 | Ossuary  | Noticed a flying skull
  3714 | Ossuary  | Reached skill level 7 in Fighting
  3723 | Ossuary  | Noticed a flying skull
  3736 | Ossuary  | Noticed a flying skull
  3986 | D:6      | Found a sparkling altar of Nemelex Xobeh.
  4080 | D:7      | Noticed Dowan
  4083 | D:7      | Noticed Duvessa
  4093 | D:7      | Killed Duvessa
  4093 | D:7      | Reached skill level 7 in Shields
  4100 | D:7      | Killed Dowan
  4131 | D:7      | Reached skill level 8 in Fighting
  4178 | D:7      | Found Utamaoj's Distillery.
  4232 | D:7      | Gained mutation: You are significantly more attuned to the shadows. [demonic ancestry]
  4232 | D:7      | Reached XP level 9. HP: 59/74 MP: 11/11
  4243 | D:7      | Gained mutation: Your flesh is very cold resistant. (rC++) [mutagenic meat]
  4607 | D:7      | Reached skill level 8 in Shields
  4612 | D:7      | Reached skill level 9 in Fighting
  4622 | D:7      | Reached ***** piety under Cheibriados
  5009 | D:6      | Reached skill level 1 in Unarmed Combat
  5010 | D:6      | Reached skill level 1 in Invocations
  5020 | D:6      | Found a deep blue altar of Sif Muna.
  5146 | D:8      | Found a staircase to the Lair.
  5158 | D:8      | Reached skill level 2 in Unarmed Combat
  5158 | D:8      | Reached skill level 2 in Invocations
  5170 | D:8      | Reached skill level 3 in Unarmed Combat
  5170 | D:8      | Reached skill level 3 in Invocations
  5185 | D:8      | Reached XP level 10. HP: 12/83 MP: 12/12
  5492 | D:8      | Noticed Pikel
  5502 | D:8      | Killed Pikel
  5502 | D:8      | Reached skill level 4 in Unarmed Combat
  5502 | D:8      | Reached skill level 4 in Invocations
  5826 | D:9      | Found a hazy altar of Hepliaklqana.
  5843 | D:9      | Reached skill level 5 in Unarmed Combat
  5864 | D:8      | Noticed a two-headed ogre
  5864 | D:8      | Reached skill level 5 in Invocations
  6173 | Lair:1   | Entered Level 1 of the Lair of Beasts
  6173 | Lair:1   | Noticed a spiny frog
  6187 | Lair:1   | Killed a spiny frog
  6230 | Lair:1   | Noticed a spiny frog
  6335 | Lair:1   | Reached skill level 6 in Unarmed Combat
  6335 | Lair:1   | Reached skill level 6 in Invocations
  6482 | Lair:1   | Killed a spiny frog
  6485 | Lair:1   | Noticed a spiny frog
  6520 | Lair:1   | Reached skill level 7 in Unarmed Combat
  6520 | Lair:1   | Reached skill level 7 in Invocations
  6533 | Lair:1   | Found a frozen archway.
  6578 | IceCv    | Entered an ice cave
  7041 | IceCv    | Reached XP level 11. HP: 42/89 MP: 16/16
  8031 | IceCv    | Reached skill level 8 in Unarmed Combat
  8031 | IceCv    | Reached skill level 8 in Invocations
  8033 | IceCv    | Identified a scroll of acquirement
  8036 | IceCv    | Got a bound marble ring
  8038 | IceCv    | Identified the ring of the Okapi {Ice +Blink MR+ Slay-3} (You acquired it in an ice cave)
  8444 | IceCv    | Noticed a necromancer
  8451 | IceCv    | Killed a necromancer
  8526 | IceCv    | Was placed under penance by Cheibriados
  8665 | IceCv    | Reached skill level 9 in Unarmed Combat
  8731 | Lair:1   | Was forgiven by Cheibriados
  8809 | Lair:1   | Reached skill level 9 in Invocations
  8815 | Lair:2   | Found a staircase to the Swamp.
  9148 | Lair:2   | Reached ****** piety under Cheibriados
  9153 | Lair:2   | Reached skill level 10 in Unarmed Combat
  9157 | Lair:2   | Reached skill level 10 in Invocations
  9499 | Lair:3   | Got a slimy scimitar
  9500 | Lair:3   | Identified the +9 scimitar "Ziyxaoceec" {freeze, MR- Int+9} (You found it on level 3 of the Lair of Beasts)
  9561 | Lair:3   | Gained mutation: You are mostly covered in thin metallic scales. (AC +3) [demonic ancestry]
  9561 | Lair:3   | Reached XP level 12. HP: 96/96 MP: 20/20
  9568 | Lair:3   | Reached skill level 11 in Unarmed Combat
  9568 | Lair:3   | Reached skill level 11 in Invocations
 10241 | Lair:4   | Noticed a seven-headed hydra
 10250 | Lair:4   | Killed a seven-headed hydra
 10250 | Lair:4   | Reached skill level 2 in Dodging
 10520 | Lair:5   | Reached skill level 3 in Dodging
 10573 | Lair:5   | Reached skill level 12 in Unarmed Combat
 10615 | Lair:5   | Noticed a five-headed hydra
 10620 | Lair:5   | Killed a five-headed hydra
 10620 | Lair:5   | Reached skill level 12 in Invocations
 10672 | Lair:5   | Reached skill level 4 in Dodging
 10889 | Lair:5   | Reached skill level 5 in Dodging
 10930 | Lair:6   | Entered Level 6 of the Lair of Beasts
 10969 | Lair:6   | Gained mutation: You are completely covered in thin metallic scales. (AC +4, rElec) [demonic ancestry]
 10969 | Lair:6   | Reached XP level 13. HP: 71/101 MP: 22/22
 11072 | Lair:6   | Learned a level 1 spell: Confusing Touch
 11190 | Lair:6   | Reached skill level 6 in Dodging
 11319 | Lair:6   | Noticed a dire elephant
 11319 | Lair:6   | Noticed a dire elephant
 11335 | Lair:6   | Killed a dire elephant
 11335 | Lair:6   | Reached skill level 13 in Unarmed Combat
 11346 | Lair:6   | Noticed a dire elephant
 11444 | Lair:6   | Noticed a dire elephant
 11473 | Lair:6   | Noticed a dire elephant
 11484 | Lair:6   | Killed a dire elephant
 11495 | Lair:6   | Noticed Nessos
 11513 | Lair:6   | Noticed Nessos
 11513 | Lair:6   | Nessos changed into Nessos the two-headed ogre
 11521 | Lair:6   | Killed Nessos the two-headed ogre
 11551 | Lair:6   | Reached skill level 7 in Dodging
 11655 | Lair:6   | Got a heavily runed buckler
 11666 | Lair:6   | Identified the +3 buckler of the Oligarchy {Str+5} (You acquired it on level 6 of the Lair of Beasts)
 12126 | D:8      | Noticed Joseph
 12145 | D:8      | Noticed Gastronok
 12162 | D:8      | Killed Gastronok
 12162 | D:8      | Reached skill level 8 in Dodging
 12189 | D:8      | Killed Joseph
 12333 | D:10     | Entered Level 10 of the Dungeon
 12377 | D:10     | Found a staircase to the Orcish Mines.
 12438 | Orc:1    | Entered Level 1 of the Orcish Mines
 12438 | Orc:1    | Noticed Urug
 12444 | Orc:1    | Killed Urug
 12532 | Orc:2    | Entered Level 2 of the Orcish Mines
 12643 | Orc:1    | Reached skill level 14 in Unarmed Combat
 12795 | Orc:2    | Reached skill level 9 in Dodging
 12810 | Orc:2    | Reached XP level 14. HP: 91/108 MP: 17/23
 12871 | Orc:2    | Reached skill level 10 in Dodging
 12933 | Orc:2    | Found Ceewo's Food Shop.
 12933 | Orc:2    | Found Lirew's Assorted Antiques.
 12936 | Orc:2    | Found Aqax Roq's Book Emporium.
 12936 | Orc:2    | Found Sam Qycu's Magic Scroll Boutique.
 12957 | Orc:2    | Bought a book of Transfigurations for 715 gold pieces
 12974 | Orc:2    | Learned a level 6 spell: Statue Form
 12980 | Orc:2    | Learned a level 5 spell: Irradiate
 13026 | Orc:2    | Reached skill level 1 in Spellcasting
 13111 | Orc:2    | Found a staircase to the Elven Halls.
 13237 | D:11     | Noticed Fannar
 13242 | D:11     | Killed Fannar
 13242 | D:11     | Reached skill level 2 in Spellcasting
 13264 | D:11     | Reached skill level 1 in Transmutations
 13264 | D:11     | Reached skill level 1 in Earth Magic
 13483 | D:9      | Noticed Grum
 13495 | D:9      | Killed Grum
 13636 | Swamp:1  | Entered Level 1 of the Swamp
 13643 | Swamp:1  | Reached skill level 2 in Transmutations
 13643 | Swamp:1  | Reached skill level 2 in Earth Magic
 13656 | Swamp:1  | Reached skill level 3 in Spellcasting
 13888 | Swamp:4  | Entered Level 4 of the Swamp
 13889 | Swamp:4  | Reached skill level 3 in Earth Magic
 14007 | Swamp:4  | Reached skill level 3 in Transmutations
 14033 | Swamp:4  | Reached skill level 4 in Spellcasting
 14155 | Swamp:4  | Noticed the 27-headed Lernaean hydra
 14158 | Swamp:4  | Reached XP level 15. HP: 77/114 MP: 13/24
 14159 | Swamp:4  | Reached skill level 4 in Earth Magic
 14171 | Swamp:4  | Killed the 27-headed Lernaean hydra
 14171 | Swamp:4  | Reached skill level 5 in Spellcasting
 14171 | Swamp:4  | Reached skill level 4 in Transmutations
 14217 | Swamp:4  | Reached skill level 5 in Earth Magic
 14235 | Swamp:4  | HP: 4/114 [seven-headed hydra (10)]
 14274 | Swamp:4  | Reached skill level 5 in Transmutations
 14332 | Swamp:4  | HP: 10/114 [poisoned by a swamp dragon (poison gas)]
 14500 | Swamp:4  | Noticed a thorn hunter
 14583 | Swamp:4  | HP: 11/114 [poison (poison gas)]
 14588 | Swamp:4  | HP: 9/114 [poison (poison gas)]
 14593 | Swamp:4  | HP: 7/114 [poison (poison gas)]
 14598 | Swamp:4  | HP: 8/114 [poison (poison gas)]
 14604 | Swamp:4  | HP: 9/114 [poison (poison gas)]
 14611 | Swamp:4  | HP: 11/114 [poison (poison gas)]
 14903 | Swamp:4  | Killed a thorn hunter
 14910 | Swamp:4  | Got a decaying rune of Zot
 15006 | Swamp:4  | Reached skill level 6 in Spellcasting
 15122 | Swamp:1  | Reached skill level 6 in Earth Magic
 15244 | Lair:2   | Reached skill level 6 in Transmutations
 15504 | Lair:4   | Found a hole to the Spider Nest.
 15519 | Spider:1 | Entered Level 1 of the Spider Nest
 16009 | Spider:2 | Noticed Jorgrun
 16019 | Spider:2 | Killed Jorgrun
 16019 | Spider:2 | Reached skill level 7 in Earth Magic
 16051 | Spider:4 | Entered Level 4 of the Spider Nest
 16055 | Spider:3 | Noticed a ghost moth
 16062 | Spider:3 | Killed a ghost moth
 16075 | Spider:3 | Reached skill level 7 in Spellcasting
 16089 | Spider:3 | Got a vibrating wooden ring
 16091 | Spider:3 | Identified the ring of Ynwizug {-Tele rPois Str+3 Stlth+} (You found it on level 3 of the Spider Nest)
 16117 | Spider:4 | Reached skill level 7 in Transmutations
 16249 | Spider:4 | Killed a ghost moth
 16249 | Spider:4 | Gained mutation: You are mostly covered in sharp spines. [demonic ancestry]
 16249 | Spider:4 | Reached XP level 16. HP: 120/120 MP: 5/27
 16337 | Spider:4 | Reached skill level 8 in Earth Magic
 16343 | Spider:4 | Reached skill level 8 in Transmutations
 16344 | Spider:4 | Reached skill level 8 in Spellcasting
 16490 | Spider:4 | Got a gossamer rune of Zot
 16509 | Spider:4 | Learned a level 7 spell: Dragon Form
 16517 | Spider:4 | Learned a level 3 spell: Confuse
 16746 | Spider:4 | Reached skill level 9 in Earth Magic
 16773 | Spider:4 | Reached skill level 9 in Spellcasting
 16821 | Spider:4 | Reached skill level 9 in Transmutations
 17052 | Lair:5   | Found a staircase to the Slime Pits.
 17085 | Slime:1  | Entered Level 1 of the Pits of Slime
 17099 | Slime:2  | Noticed an acid blob
 17099 | Slime:2  | Noticed an acid blob
 17100 | Slime:2  | Noticed an acid blob
 17101 | Slime:2  | Noticed an acid blob
 17103 | Slime:2  | Killed an acid blob
 17104 | Slime:2  | Killed an acid blob
 17105 | Slime:2  | Killed an acid blob
 17106 | Slime:2  | Killed an acid blob
 17112 | Slime:2  | Noticed an acid blob
 17113 | Slime:2  | Gained mutation: Your magical capacity is low. (-10% MP) [a shining eye]
 17115 | Slime:2  | Gained mutation: Your body sometimes deteriorates upon taking damage. [a shining eye]
 17117 | Slime:2  | Killed an acid blob
 17117 | Slime:2  | Gained mutation: Armour fits poorly on your strangely shaped body. [a shining eye]
 17119 | Slime:2  | Gained mutation: You expend magic power (3 MP) to strengthen your wands. [a shining eye]
 17247 | Slime:2  | Reached skill level 10 in Spellcasting
 17251 | Slime:2  | Reached skill level 10 in Earth Magic
 17251 | Slime:2  | Reached XP level 17. HP: 126/126 MP: 8/27
 17284 | Slime:3  | Noticed an acid blob
 17291 | Slime:3  | Killed an acid blob
 17291 | Slime:3  | Reached skill level 10 in Transmutations
 17463 | Slime:3  | Noticed an acid blob
 17466 | Slime:3  | Killed an acid blob
 17503 | Slime:4  | Gained mutation: Your magical capacity is very low. (-20% MP) [a shining eye]
 17505 | Slime:4  | Noticed an acid blob
 17660 | Slime:4  | Killed an acid blob
 17668 | Slime:5  | Entered Level 5 of the Pits of Slime
 17677 | Slime:5  | Noticed an acid blob
 17678 | Slime:5  | Noticed an acid blob
 17682 | Slime:5  | Killed an acid blob
 17685 | Slime:5  | Noticed an acid blob
 17685 | Slime:5  | Killed an acid blob
 17685 | Slime:5  | Reached skill level 11 in Transmutations
 17687 | Slime:5  | Noticed the Royal Jelly
 17692 | Slime:4  | Killed an acid blob
 17800 | Slime:5  | Noticed an acid blob
 17808 | Slime:5  | Killed an acid blob
 17815 | Slime:5  | Noticed an acid blob
 17818 | Slime:5  | Noticed an acid blob
 17824 | Slime:4  | Killed an acid blob
 18023 | Slime:4  | Reached skill level 12 in Transmutations
 18035 | Slime:4  | Gained mutation: You are occasionally teleported next to monsters. [a shining eye]
 18036 | Slime:4  | Lost mutation: Your spells are a little harder to cast, but a little more powerful. [a shining eye]
 18040 | Slime:4  | Lost mutation: Your magical capacity is very low. (-20% MP) [potion of mutation]
 18040 | Slime:4  | Lost mutation: Your body sometimes deteriorates upon taking damage. [potion of mutation]
 18040 | Slime:4  | Lost mutation: Your magical capacity is low. (-10% MP) [potion of mutation]
 18040 | Slime:4  | Gained mutation: Your spells are a little easier to cast, but a little less powerful. [potion of mutation]
 18040 | Slime:4  | Gained mutation: You are somewhat resistant to further mutation. [potion of mutation]
 18041 | Slime:4  | Lost mutation: Armour fits poorly on your strangely shaped body. [potion of mutation]
 18041 | Slime:4  | Lost mutation: You expend magic power (3 MP) to strengthen your wands. [potion of mutation]
 18064 | Slime:5  | Noticed an acid blob
 18070 | Slime:5  | Killed an acid blob
 18105 | Slime:5  | Found a viscous altar of Jiyva.
 18134 | Slime:5  | Noticed an acid blob
 18139 | Slime:5  | Killed an acid blob
 18185 | Slime:5  | Killed an acid blob
 18196 | Slime:5  | Reached skill level 13 in Transmutations
 18286 | Slime:5  | Noticed an acid blob
 18286 | Slime:5  | Noticed an acid blob
 18292 | Slime:5  | Killed an acid blob
 18295 | Slime:5  | Killed an acid blob
 18296 | Slime:5  | Killed the Royal Jelly
 18296 | Slime:5  | Reached skill level 10 in Fighting
 18296 | Slime:5  | Reached XP level 18. HP: 47/134 MP: 26/32
 18305 | Slime:4  | Lost mutation: Your spells are a little easier to cast, but a little less powerful. [potion of mutation]
 18305 | Slime:4  | Lost mutation: You have sharp fingernails. [potion of mutation]
 18306 | Slime:4  | Lost mutation: You possess an exceptional clarity of mind. [potion of mutation]
 18306 | Slime:4  | Lost mutation: Your flesh is very cold resistant. (rC++) [potion of mutation]
 18306 | Slime:4  | Lost mutation: You are occasionally teleported next to monsters. [potion of mutation]
 18306 | Slime:4  | Gained mutation: You are resistant to electric shocks. (rElec) [potion of mutation]
 18529 | Slime:5  | Reached skill level 11 in Dodging
 18538 | Slime:5  | Got a fine plate armour
 18542 | Slime:5  | Got a smoking sapphire amulet
 18575 | Slime:5  | Identified the cursed +0 plate armour "Okkemiuthre" {Str+2} (You found it on level 5 of the Pits of Slime)
 18582 | Slime:5  | Got a thick robe
 18588 | Slime:5  | Identified the cursed +0 robe of Liberty {Str+3} (You found it on level 5 of the Pits of Slime)
 18645 | Slime:5  | Identified the amulet of Jotuinwe {Inacc rF+ Int+3} (You found it on level 5 of the Pits of Slime)
 18664 | Slime:5  | Got a slimy rune of Zot
 18671 | Slime:5  | Identified Epuumisk's Disquisition on Frigorific Contamination
 18700 | Slime:5  | Got a bloodstained chain mail
 18711 | Slime:5  | Identified the +7 chain mail of Negligence {rElec} (You found it on level 5 of the Pits of Slime)
 18720 | Slime:5  | Got a faintly humming plate armour
 18726 | Slime:5  | Identified the +6 plate armour of the Orb {Regen+} (You found it on level 5 of the Pits of Slime)
 19033 | Elf:1    | Entered Level 1 of the Elven Halls
 19092 | Elf:1    | Learned a level 4 spell: Cause Fear
 19119 | Elf:1    | Found an ancient bone altar of Kikubaaqudgha.
 19188 | Elf:2    | Found Qosmebi's Jewellery Shop.
 19210 | Elf:2    | Found a portal to a secret trove of treasure.
 19232 | Elf:2    | Reached skill level 15 in Unarmed Combat
 19286 | Elf:3    | Entered Level 3 of the Elven Halls
 19385 | Elf:3    | Reached skill level 11 in Fighting
 19500 | Elf:3    | Reached skill level 12 in Dodging
 19555 | Elf:3    | Got a glittering copper ring
 19557 | Elf:3    | Identified the ring of Secrets {+Fly rPois rF+ Str+2} (You took it off a deep elf sorcerer on level 3 of the Elven Halls)
 19573 | Elf:3    | Identified the +1 plate armour "Sidd" {rF+ rN+ Str+6 Stlth-} (You took it off a deep elf blademaster on level 3 of the Elven Halls)
 19574 | Elf:3    | Cast into level 2 of the Abyss (a deep elf demonologist)
 19704 | Abyss:3  | Paralysed by accursed screaming for 1 turns
 19763 | Abyss:3  | Reached skill level 12 in Fighting
 19777 | Abyss:3  | Gained mutation: You have a pair of antennae on your head. [demonic ancestry]
 19777 | Abyss:3  | Reached XP level 19. HP: 113/146 MP: 30/33
 19786 | Abyss:3  | Got an abyssal rune of Zot
 19806 | Elf:3    | Escaped the Abyss
 19809 | Elf:3    | Noticed a Brimstone Fiend
 19814 | Elf:3    | Got a scintillating platinum ring
 19831 | Elf:3    | Identified the ring "Rokaj" {+Fly rC+} (You took it off a deep elf mage on level 3 of the Elven Halls)
 19872 | Elf:3    | Reached skill level 16 in Unarmed Combat
 19950 | Elf:3    | Got a slimy graven amulet
 19981 | Elf:3    | Identified the amulet "Fyguhau" {Reflect rF+ SH+3} (You took it off an orc on level 3 of the Elven Halls)
 19982 | Elf:3    | Identified the cursed +0 large shield of Divine Intervention {rF+ Str+3 Slay+2} (You took it off a deep elf annihilator on level 3 of the Elven Halls)
 19985 | Elf:3    | Identified the ring of Duochuw {rC+ MR++ Str+4 SInv Stlth+} (You took it off a deep elf annihilator on level 3 of the Elven Halls)
 20103 | Elf:3    | Got a pair of spiked boots
 20109 | Elf:3    | Identified the +0 pair of boots of the Wilderness {rElec rN+ Str+2 Dex-2} (You found it on level 3 of the Elven Halls)
 20158 | Elf:3    | Learned a level 1 spell: Apportation
 20422 | Orc:2    | Bought the +2 robe of Vines {NoPotionHeal Regen+7} for 2320 gold pieces
 20436 | Orc:2    | Bought a scroll of teleportation for 42 gold pieces
 20436 | Orc:2    | Bought a scroll of teleportation for 42 gold pieces
 20436 | Orc:2    | Bought a scroll of magic mapping for 49 gold pieces
 20550 | D:12     | Reached skill level 13 in Dodging
 20870 | D:13     | Reached skill level 13 in Fighting
 21025 | D:14     | Found a gate to the Vaults.
 21030 | Vaults:1 | Entered Level 1 of the Vaults
 21300 | Vaults:2 | Gained mutation: You have a pair of large antennae on your head. (SInv) [demonic ancestry]
 21300 | Vaults:2 | Reached XP level 20. HP: 140/158 MP: 30/34
 21310 | Vaults:2 | Reached skill level 17 in Unarmed Combat
 21727 | Vaults:2 | Reached skill level 14 in Dodging
 21754 | Vaults:3 | Found a sparkling altar of Nemelex Xobeh.
 21837 | Vaults:2 | Reached skill level 14 in Fighting
 22536 | Vaults:4 | Learned a level 5 spell: Yara's Violent Unravelling
 22537 | Vaults:5 | Entered Level 5 of the Vaults
 22555 | Vaults:5 | Noticed a golden dragon
 22561 | Vaults:5 | Reached skill level 15 in Fighting
 22565 | Vaults:5 | Killed a golden dragon
 22632 | Vaults:5 | Reached skill level 15 in Dodging
 22675 | Vaults:5 | Reached XP level 21. HP: 168/168 MP: 35/35
 22706 | Vaults:5 | Identified the +0 buckler of Wuus {rF+} (You found it on level 5 of the Vaults)
 22717 | Vaults:5 | Learned a level 2 spell: Blink
 22721 | Vaults:5 | Learned a level 3 spell: Lesser Beckoning
 22726 | Vaults:5 | Learned a level 4 spell: Passage of Golubria
 22780 | Vaults:5 | Reached skill level 18 in Unarmed Combat
 22849 | Vaults:5 | Noticed a golden dragon
 22854 | Vaults:5 | Killed a golden dragon
 22920 | Vaults:5 | Got a silver rune of Zot
 23000 | Vaults:5 | Noticed a golden dragon
 23045 | Vaults:5 | Reached skill level 16 in Fighting
 23186 | Vaults:5 | Found Geasell's General Store.
 23190 | Vaults:5 | Bought a scroll of fog for 22 gold pieces
 23190 | Vaults:5 | Bought a potion of agility for 44 gold pieces
 23190 | Vaults:5 | Bought a scroll of teleportation for 33 gold pieces
 23190 | Vaults:5 | Bought a scroll of amnesia for 38 gold pieces
 23247 | Vaults:5 | Reached skill level 16 in Dodging
 23312 | Vaults:5 | Noticed an ancient lich
 23318 | Vaults:5 | Killed an ancient lich
 23318 | Vaults:5 | Gained mutation: You are completely covered in sharp spines. [demonic ancestry]
 23318 | Vaults:5 | Reached XP level 22. HP: 180/180 MP: 21/36
 23413 | Vaults:5 | Reached skill level 19 in Unarmed Combat
 23474 | Vaults:5 | Cast into level 2 of the Abyss (vault sentinel)
 23544 | Vaults:5 | Escaped the Abyss
 23651 | Vaults:4 | Found Bohuefi's Book Shoppe.
 23656 | Vaults:4 | Bought a book of Geomancy for 490 gold pieces
 23656 | Vaults:4 | Bought a book of Unlife for 910 gold pieces
 23919 | Vaults:2 | Reached skill level 11 in Spellcasting
 23945 | Vaults:2 | Found a staircase to the Crypt.
 23945 | Vaults:2 | Found a basalt altar of Yredelemnul.
 23946 | Vaults:2 | Found an ancient bone altar of Kikubaaqudgha.
 23955 | Crypt:1  | Entered Level 1 of the Crypt
 24094 | Crypt:3  | Entered Level 3 of the Crypt
 24158 | Crypt:3  | Reached skill level 12 in Spellcasting
 24437 | Crypt:3  | Got a pair of distressingly furry boots
 24449 | Crypt:3  | Identified the +1 pair of boots of Edurgh {Str+4} (You found it on level 3 of the Crypt)
 24476 | Crypt:3  | Identified Ereshkigal's Catalogue of Evil Rites
 24503 | Crypt:3  | Noticed Jory
 24513 | Crypt:3  | Killed Jory
 24513 | Crypt:3  | Reached skill level 13 in Spellcasting
 24567 | Crypt:3  | Learned a level 5 spell: Lee's Rapid Deconstruction
 24781 | Crypt:3  | Reached skill level 14 in Spellcasting
 24888 | Crypt:3  | Found a staircase to the Tomb.
 24893 | Tomb:1   | Entered Level 1 of the Tomb of the Ancients
 24931 | Tomb:1   | Learned a level 4 spell: Control Undead
 24964 | Tomb:1   | Noticed Boris
 24967 | Tomb:1   | Noticed Sojobo
 24967 | Tomb:1   | Killed Boris
 24967 | Tomb:1   | Reached skill level 2 in Necromancy
 24967 | Tomb:1   | Reached skill level 1 in Translocations
 24973 | Tomb:1   | Gained mutation: Your magical and physical power is slightly enhanced at high health. [demonic ancestry]
 24973 | Tomb:1   | Reached XP level 23. HP: 186/186 MP: 29/41
 24978 | Tomb:1   | Reached skill level 2 in Translocations
 24982 | Tomb:1   | Killed Sojobo
 24982 | Tomb:1   | Reached skill level 3 in Necromancy
 25012 | Tomb:1   | Reached skill level 3 in Translocations
 25015 | Tomb:1   | Reached skill level 4 in Necromancy
 25020 | Tomb:1   | Noticed a greater mummy
 25022 | Tomb:1   | Killed a greater mummy
 25023 | Tomb:1   | Noticed a greater mummy
 25025 | Tomb:1   | Noticed a greater mummy
 25025 | Tomb:1   | Reached skill level 5 in Necromancy
 25025 | Tomb:1   | Reached skill level 4 in Translocations
 25041 | Tomb:1   | Noticed a greater mummy
 25046 | Tomb:1   | Noticed a greater mummy
 25050 | Tomb:1   | Killed a greater mummy
 25054 | Tomb:1   | Killed a greater mummy
 25054 | Tomb:1   | Reached skill level 6 in Necromancy
 25054 | Tomb:1   | Reached skill level 5 in Translocations
 25058 | Tomb:1   | Noticed a greater mummy
 25101 | Tomb:1   | Killed a greater mummy
 25108 | Tomb:1   | Killed a greater mummy
 25108 | Tomb:1   | Reached skill level 7 in Necromancy
 25149 | Tomb:1   | Noticed a greater mummy
 25153 | Tomb:1   | Noticed a greater mummy
 25153 | Tomb:1   | Killed a greater mummy
 25153 | Tomb:1   | Reached skill level 6 in Translocations
 25157 | Tomb:1   | Killed a greater mummy
 25281 | Tomb:2   | Reached skill level 8 in Necromancy
 25301 | Tomb:3   | Entered Level 3 of the Tomb of the Ancients
 25318 | Tomb:3   | Noticed Mara
 25320 | Tomb:3   | Killed Mara
 25320 | Tomb:3   | Reached skill level 7 in Translocations
 25337 | Tomb:3   | Reached skill level 9 in Necromancy
 25356 | Tomb:3   | Noticed a greater mummy
 25363 | Tomb:3   | Killed a greater mummy
 25368 | Tomb:3   | Noticed a greater mummy
 25376 | Tomb:3   | HP: 18/241 [bennu (20)]
 25377 | Tomb:3   | Killed a greater mummy
 25377 | Tomb:3   | Reached skill level 8 in Translocations
 25415 | Tomb:3   | Noticed an ancient lich
 25418 | Tomb:3   | Reached skill level 10 in Necromancy
 25426 | Tomb:3   | Killed an ancient lich
 25466 | Tomb:3   | Noticed a greater mummy
 25475 | Tomb:3   | Noticed a greater mummy
 25476 | Tomb:3   | Noticed a greater mummy
 25476 | Tomb:3   | HP: 22/241 [death scarab (10)]
 25476 | Tomb:3   | Killed a greater mummy
 25476 | Tomb:3   | Reached skill level 9 in Translocations
 25509 | Tomb:3   | Noticed a greater mummy
 25518 | Tomb:3   | Killed a greater mummy
 25518 | Tomb:3   | Reached skill level 11 in Necromancy
 25518 | Tomb:3   | Reached XP level 24. HP: 146/193 MP: 40/41
 25555 | Tomb:3   | Got a golden rune of Zot
 25583 | Tomb:3   | Killed a greater mummy
 25640 | Tomb:3   | Got a flickering graven amulet
 25646 | Tomb:3   | Identified the amulet "Yrit" {Reflect rC- rN+++ Int+4 SH+5} (You found it on level 3 of the Tomb of the Ancients)
 25683 | Tomb:3   | Got a shimmering lapis lazuli ring
 25685 | Tomb:3   | Identified the ring of Ulamiz {AC+2 Int+3 Dex+5} (You found it on level 3 of the Tomb of the Ancients)
 25692 | Tomb:3   | Identified the Compendium of Dislocation and Attacks
 25696 | Tomb:3   | Got a crude pewter amulet
 25698 | Tomb:3   | Identified the amulet of the Firefly {Reflect rF- MR+ Int+6 SH+4 Stlth+} (You found it on level 3 of the Tomb of the Ancients)
 25753 | Tomb:3   | Identified the Handbook of Noxious Creation
 25775 | Tomb:3   | Killed a greater mummy
 25778 | Tomb:3   | Reached skill level 10 in Translocations
 25811 | Tomb:3   | Identified Saejap's Volume of the Arsonist
 25890 | Tomb:1   | Noticed a greater mummy
 25898 | Tomb:1   | Noticed a greater mummy
 25902 | Tomb:1   | Killed a greater mummy
 25902 | Tomb:1   | Reached skill level 12 in Necromancy
 25908 | Tomb:1   | Killed a greater mummy
 25940 | Tomb:1   | Noticed a greater mummy
 25946 | Tomb:1   | Killed a greater mummy
 25959 | Tomb:1   | Killed a greater mummy
 25959 | Tomb:1   | Reached skill level 11 in Translocations
 26036 | Tomb:1   | Reached skill level 13 in Necromancy
 26438 | D:15     | Entered Level 15 of the Dungeon
 26516 | D:15     | Learned a level 2 spell: Passwall
 26608 | D:15     | Reached skill level 17 in Fighting
 26680 | D:15     | Found a staircase to the Depths.
 26688 | Depths:1 | Entered Level 1 of the Depths
 26787 | Depths:2 | Noticed a juggernaut
 26793 | Depths:2 | Killed a juggernaut
 26873 | Depths:2 | Paralysed by a great orb of eyes for 4 turns
 26969 | Depths:2 | Reached skill level 18 in Fighting
 27079 | Depths:3 | Gained mutation: Your magical and physical power is enhanced at high health. [demonic ancestry]
 27079 | Depths:3 | Reached XP level 25. HP: 204/204 MP: 41/41
 27093 | Depths:3 | Found a gateway to a ziggurat.
 27097 | Depths:3 | Found Jioserch's Assorted Antiques.
 27125 | Depths:3 | Bought a scroll of blinking for 202 gold pieces
 27125 | Depths:3 | Bought a scroll labeled HIWYFO KEEJO for 27 gold pieces
 27145 | Zig:1    | Entered Level 1 of a ziggurat
 27146 | Zig:1    | Noticed Voum the pandemonium lord
 27152 | Zig:1    | Killed Voum the pandemonium lord
 27164 | Zig:2    | Entered Level 2 of a ziggurat
 27188 | Zig:3    | Entered Level 3 of a ziggurat
 27199 | Zig:3    | Reached skill level 20 in Unarmed Combat
 27224 | Zig:4    | Entered Level 4 of a ziggurat
 27248 | Zig:5    | Entered Level 5 of a ziggurat
 27287 | Zig:6    | Entered Level 6 of a ziggurat
 27330 | Zig:7    | Entered Level 7 of a ziggurat
 27371 | Zig:7    | Got a smoking eveningstar
 27372 | Zig:7    | Identified the +4 eveningstar "Sarcophage" {freeze, rElec MR+ Dex+3} (You found it on level 7 of a ziggurat)
 27385 | Zig:7    | Reached skill level 6 in Evocations
 27385 | Zig:7    | Gained mutation: You are completely attuned to the shadows. [demonic ancestry]
 27385 | Zig:7    | Reached XP level 26. HP: 213/213 MP: 41/41
 27390 | Zig:8    | Entered Level 8 of a ziggurat
 27448 | Zig:9    | Entered Level 9 of a ziggurat
 27501 | Zig:9    | Identified the Disquisition on Earth and the Snowflakes
 27504 | Zig:9    | Reached skill level 4 in Summonings
 27504 | Zig:9    | Gained mutation: Your magical and physical power is greatly enhanced at high health. [demonic ancestry]
 27504 | Zig:9    | Reached XP level 27. HP: 202/220 MP: 41/41
 27518 | Zig:10   | Entered Level 10 of a ziggurat
 27548 | Zig:10   | Reached skill level 19 in Fighting
 27596 | Zig:11   | Entered Level 11 of a ziggurat
 27684 | Zig:11   | Reached skill level 15 in Spellcasting
 27706 | Zig:11   | Identified Wigeusof's Compendium of Feathers and the Traveller
 27712 | Zig:12   | Entered Level 12 of a ziggurat
 27732 | Zig:12   | Noticed an orb of fire
 27736 | Zig:12   | Killed an orb of fire
 27738 | Zig:12   | Reached skill level 21 in Unarmed Combat
 27752 | Zig:12   | Got a pair of jewelled boots
 27764 | Zig:12   | Identified the +1 pair of boots of the Black Skies {rC++} (You found it on level 12 of a ziggurat)
 27777 | Zig:12   | Reached skill level 20 in Fighting
 27791 | Zig:12   | Learned a level 3 spell: Regeneration
 27968 | Depths:3 | Found a one-way gate leading to the halls of Pandemonium.
 27974 | Pan      | Entered Pandemonium
 28103 | Pan      | Found a runed door.
 28113 | Pan      | Noticed Hotuf the pandemonium lord
 28184 | Pan      | Reached skill level 22 in Unarmed Combat
 28370 | Pan      | Reached skill level 9 in Shields
 28398 | Pan      | Gained mutation: You are clumsy. (Dex -2) [a neqoxec]
 28411 | Pan      | Found an exit through the horrors of the Abyss.
 28424 | Pan      | Reached skill level 10 in Shields
 28540 | Pan      | Got a demonic rune of Zot
 28575 | Pan      | Noticed Gybleuh the pandemonium lord
 28578 | Pan      | Killed Gybleuh the pandemonium lord
 28743 | Pan      | Noticed Vuecos the pandemonium lord
 28747 | Pan      | Killed Vuecos the pandemonium lord
 28747 | Pan      | Reached skill level 11 in Shields
 28862 | Pan      | Found an exit through the horrors of the Abyss.
 29034 | Pan      | Got a clouded emerald amulet
 29092 | Pan      | Identified the amulet "Aroehag" {+Rage rPois MR+ Str-4 Int+6} (You found it in Pandemonium)
 29120 | Pan      | Noticed Unologye the pandemonium lord
 29131 | Pan      | Killed Unologye the pandemonium lord
 29131 | Pan      | Reached skill level 12 in Shields
 29324 | Pan      | Found a white marble altar of Elyvilon.
 29333 | Pan      | Reached skill level 13 in Shields
 29540 | Pan      | Noticed Ihyoliemi the pandemonium lord
 29672 | Pan      | Reached skill level 14 in Shields
 29677 | Pan      | Noticed Liehann the pandemonium lord
 29687 | Pan      | Killed Liehann the pandemonium lord
 29751 | Pan      | Found an exit through the horrors of the Abyss.
 29909 | Pan      | Noticed Hifix the pandemonium lord
 29911 | Pan      | Reached skill level 15 in Shields
 29915 | Pan      | Killed Hifix the pandemonium lord
 29926 | Pan      | Identified the Catalogue of Burning Lightness
 29939 | Pan      | Entered the realm of Gloorx Vloq.
 29939 | Pan      | Noticed Gloorx Vloq
 29946 | Pan      | Killed Gloorx Vloq
 29977 | Pan      | Got a dark rune of Zot
 30064 | Pan      | Reached skill level 14 in Necromancy
 30155 | Pan      | Reached skill level 16 in Spellcasting
 30525 | Depths:3 | Escaped Pandemonium
 30533 | Depths:3 | Reached skill level 15 in Necromancy
 30557 | Pan      | Entered Pandemonium
 30645 | Pan      | Entered the realm of Mnoleg.
 30700 | Pan      | Noticed Mnoleg
 30710 | Pan      | Killed Mnoleg
 30740 | Pan      | Got a glowing rune of Zot
 30825 | Pan      | Reached skill level 17 in Spellcasting
 30828 | Pan      | Gained mutation: Your spells are a little harder to cast, but a little more powerful. [a cacodemon]
 30839 | Pan      | Reached skill level 16 in Necromancy
 30948 | Pan      | Gained mutation: You are weak. (Str -2) [a cacodemon]
 31092 | Pan      | Noticed Ifaihaot the pandemonium lord
 31102 | Pan      | Killed Ifaihaot the pandemonium lord
 31102 | Pan      | Reached skill level 17 in Necromancy
 31135 | Pan      | Reached skill level 18 in Spellcasting
 31174 | Pan      | Noticed Mufis the pandemonium lord
 31181 | Pan      | Killed Mufis the pandemonium lord
 31212 | Pan      | Entered the realm of Lom Lobon.
 31295 | Pan      | Noticed Lom Lobon
 31333 | Pan      | Killed Lom Lobon
 31333 | Pan      | Reached skill level 18 in Necromancy
 31348 | Pan      | Got a magical rune of Zot
 31461 | Pan      | Learned a level 8 spell: Borgnjor's Revivification
 31492 | Pan      | Reached skill level 1 in Stealth
 31508 | Pan      | Reached skill level 2 in Stealth
 31521 | Pan      | Noticed Esadait the pandemonium lord
 31530 | Pan      | Killed Esadait the pandemonium lord
 31530 | Pan      | Reached skill level 3 in Stealth
 31543 | Pan      | Reached skill level 4 in Stealth
 31577 | Pan      | Entered the realm of Cerebov.
 31726 | Pan      | Found an exit through the horrors of the Abyss.
 31760 | Pan      | Reached skill level 5 in Stealth
 31818 | Pan      | Reached skill level 6 in Stealth
 31837 | Pan      | Noticed Cerebov
 31857 | Pan      | Killed Cerebov
 31857 | Pan      | Reached skill level 7 in Stealth
 31857 | Pan      | Reached skill level 23 in Unarmed Combat
 31869 | Pan      | Got a fiery rune of Zot
 31890 | Depths:3 | Escaped Pandemonium
 31907 | Depths:3 | Found a gateway to Hell.
 31914 | Hell     | Entered the Vestibule of Hell
 31917 | Hell     | Noticed Geryon
 31925 | Hell     | Killed Geryon
 31941 | Hell     | Reached skill level 8 in Stealth
 31978 | Depths:3 | HP: 27/291 [tengu reaver/great sword of holy wrath (23)]
 32009 | Depths:3 | Reached skill level 9 in Stealth
 32126 | Hell     | Found a gateway to the decaying netherworld of Tartarus.
 32132 | Tar:1    | Entered Level 1 of Tartarus
 32132 | Tar:1    | Found a gateway to Hell.
 32152 | Tar:1    | Reached skill level 10 in Stealth
 32472 | Tar:1    | Reached skill level 11 in Stealth
 32529 | Tar:2    | Found a gateway to Hell.
 32568 | Tar:2    | Found a gateway to Hell.
 32648 | Tar:3    | Found a gateway to Hell.
 32686 | Tar:4    | Found a gateway to Hell.
 32721 | Tar:5    | Found a gateway to Hell.
 32760 | Tar:5    | Found a gateway to Hell.
 32775 | Tar:5    | Reached skill level 24 in Unarmed Combat
 32863 | Tar:5    | Found a gateway to Hell.
 32875 | Tar:6    | Found a gateway to Hell.
 32881 | Tar:7    | Entered Level 7 of Tartarus
 32881 | Tar:7    | Found a gateway to Hell.
 32887 | Tar:7    | Reached skill level 12 in Stealth
 32942 | Tar:7    | Noticed an ancient lich
 32947 | Tar:7    | Killed an ancient lich
 33064 | Tar:7    | Reached skill level 13 in Stealth
 33247 | Tar:7    | Reached skill level 14 in Stealth
 33269 | Tar:7    | Noticed Ereshkigal
 33285 | Tar:7    | Killed Ereshkigal
 33309 | Tar:7    | Got a bone rune of Zot
 33437 | Hell     | Found a gateway to the ashen valley of Gehenna.
 33449 | Geh:1    | Entered Level 1 of Gehenna
 33449 | Geh:1    | Found a gateway to Hell.
 33453 | Geh:1    | You fall through a shaft!
 33468 | Geh:2    | Found a gateway to Hell.
 33519 | Geh:2    | Found a gateway to Hell.
 33533 | Geh:2    | Reached skill level 25 in Unarmed Combat
 33578 | Geh:3    | Found a gateway to Hell.
 33579 | Geh:3    | Found a gateway to Hell.
 33579 | Geh:3    | Found a gateway to Hell.
 33587 | Geh:5    | Found a gateway to Hell.
 33587 | Geh:5    | Found a gateway to Hell.
 33656 | Geh:5    | Found a gateway to Hell.
 33699 | Geh:5    | Gained mutation: Your mind is acute. (Int +2) [mutagenic glow]
 33754 | Geh:6    | Found a gateway to Hell.
 33756 | Geh:6    | Reached skill level 15 in Stealth
 33799 | Geh:7    | Entered Level 7 of Gehenna
 34152 | Geh:7    | Reached skill level 16 in Stealth
 34160 | Geh:7    | Noticed Asmodeus
 34166 | Geh:7    | Killed Asmodeus
 34191 | Geh:7    | Identified the ring of Intercession {MR- AC+3 SInv Stlth+} (You found it on level 7 of Gehenna)
 34215 | Geh:7    | Got an obsidian rune of Zot
 34231 | Geh:7    | Learned a level 2 spell: Sublimation of Blood
 34247 | Geh:7    | Lost mutation: You are somewhat resistant to further mutation. [mutagenic glow]
 34247 | Geh:7    | Gained mutation: You evolve. [mutagenic glow]
 34416 | Geh:7    | Found a gateway to Hell.
 34458 | Hell     | Found a gateway to the Iron City of Dis.
 34466 | Dis:1    | Entered Level 1 of the Iron City of Dis
 34466 | Dis:1    | Found a gateway to Hell.
 34566 | Dis:1    | Gained mutation: Your mind is very acute. (Int +4) [evolution]
 34566 | Dis:1    | Lost mutation: You evolve. [end of evolution]
 34737 | Dis:1    | Reached skill level 26 in Unarmed Combat
 34746 | Dis:1    | Reached skill level 17 in Stealth
 34782 | Dis:3    | Found a gateway to Hell.
 35005 | Dis:4    | Found a gateway to Hell.
 35048 | Dis:4    | Reached skill level 17 in Dodging
 35184 | Dis:6    | Found a gateway to Hell.
 35268 | Dis:6    | Found a gateway to Hell.
 35299 | Dis:6    | Reached skill level 21 in Fighting
 35396 | Dis:6    | Found a gateway to Hell.
 35462 | Dis:7    | Entered Level 7 of the Iron City of Dis
 35462 | Dis:7    | Found a gateway to Hell.
 35521 | Dis:7    | Noticed p0werm0de's ghost (legendary DsAr)
 35533 | Dis:7    | Killed p0werm0de's ghost
 35563 | Dis:7    | Gained mutation: You are very weak. (Str -4) [a cacodemon]
 35691 | Dis:7    | Reached skill level 18 in Dodging
 35788 | Dis:7    | Noticed Dispater
 35811 | Dis:7    | Killed Dispater
 35819 | Dis:7    | Got an iron rune of Zot
 35998 | Hell     | Found a gateway to the freezing wastes of Cocytus.
 36005 | Coc:1    | Entered Level 1 of Cocytus
 36005 | Coc:1    | Found a gateway to Hell.
 36057 | Coc:2    | Found a gateway to Hell.
 36103 | Coc:2    | Found a gateway to Hell.
 36134 | Coc:3    | Found a gateway to Hell.
 36143 | Coc:4    | Found a gateway to Hell.
 36158 | Coc:4    | Reached skill level 22 in Fighting
 36225 | Coc:4    | You fall through a shaft for 2 floors!
 36288 | Coc:6    | Found a gateway to Hell.
 36359 | Coc:6    | Found a gateway to Hell.
 36375 | Coc:6    | Reached skill level 19 in Dodging
 36581 | Coc:7    | Entered Level 7 of Cocytus
 36581 | Coc:7    | Found a gateway to Hell.
 36581 | Coc:7    | Found a gateway to Hell.
 36581 | Coc:7    | Found a gateway to Hell.
 36754 | Coc:7    | Got an icy rune of Zot
 36773 | Coc:7    | Reached skill level 23 in Fighting
 36774 | Coc:7    | Noticed Antaeus
 36784 | Coc:7    | Killed Antaeus
 36941 | Depths:3 | Reached skill level 20 in Dodging
 37047 | Depths:4 | Noticed an ancient lich
 37050 | Depths:4 | Killed an ancient lich
 37145 | Depths:4 | Reached skill level 24 in Fighting
 37155 | Depths:5 | Entered Level 5 of the Depths
 37226 | Depths:5 | Paralysed by a floating eye for 4 turns
 37231 | Depths:5 | Reached skill level 21 in Dodging
 37249 | Depths:5 | Got a bound tin ring
 37255 | Depths:5 | Identified the ring of Wesuj {rPois Stlth+} (You took it off a hell knight on level 5 of the Depths)
 37332 | Depths:5 | Got a shimmering tin ring
 37334 | Depths:5 | Identified the ring of Tall {rN+ Dex+3} (You found it on level 5 of the Depths)
 37394 | Depths:5 | Found a gate to the Realm of Zot.
 37404 | Zot:1    | Entered Level 1 of the Realm of Zot
 37404 | Zot:1    | Noticed an orb of fire
 37410 | Zot:1    | Gained mutation: You are occasionally teleported next to monsters. [an orb of fire]
 37411 | Zot:1    | Gained mutation: You are frail. (-10% HP) [an orb of fire]
 37412 | Zot:1    | Killed an orb of fire
 37413 | Zot:1    | Lost mutation: Your spells are a little harder to cast, but a little more powerful. [potion of mutation]
 37413 | Zot:1    | Lost mutation: You are clumsy. (Dex -2) [potion of mutation]
 37413 | Zot:1    | Gained mutation: Your flesh is heat resistant. (rF+) [potion of mutation]
 37413 | Zot:1    | Gained mutation: Your spells are a little harder to cast, but a little more powerful. [potion of mutation]
 37414 | Zot:1    | Lost mutation: You are very weak. (Str -4) [potion of mutation]
 37414 | Zot:1    | Lost mutation: Your mind is very acute. (Int +4) [potion of mutation]
 37414 | Zot:1    | Lost mutation: You are frail. (-10% HP) [potion of mutation]
 37414 | Zot:1    | Lost mutation: You are occasionally teleported next to monsters. [potion of mutation]
 37414 | Zot:1    | Lost mutation: You are weak. (Str -2) [potion of mutation]
 37414 | Zot:1    | Gained mutation: Potions are less effective at restoring your health. [potion of mutation]
 37414 | Zot:1    | Gained mutation: You are agile. (Dex +2) [potion of mutation]
 37415 | Zot:1    | Lost mutation: Your mind is acute. (Int +2) [potion of mutation]
 37415 | Zot:1    | Lost mutation: Your flesh is cold resistant. (rC+) [potion of mutation]
 37415 | Zot:1    | Gained mutation: You possess an exceptional clarity of mind. [potion of mutation]
 37416 | Zot:1    | Lost mutation: Your spells are a little harder to cast, but a little more powerful. [potion of mutation]
 37416 | Zot:1    | Lost mutation: You possess an exceptional clarity of mind. [potion of mutation]
 37416 | Zot:1    | Lost mutation: You are agile. (Dex +2) [potion of mutation]
 37416 | Zot:1    | Gained mutation: You possess an exceptional clarity of mind. [potion of mutation]
 37416 | Zot:1    | Gained mutation: You are robust. (+10% HP) [potion of mutation]
 37417 | Zot:1    | Lost mutation: Potions are less effective at restoring your health. [potion of mutation]
 37417 | Zot:1    | Lost mutation: You possess an exceptional clarity of mind. [potion of mutation]
 37417 | Zot:1    | Gained mutation: You have a beak for a mouth. [potion of mutation]
 37417 | Zot:1    | Gained mutation: Your mind is acute. (Int +2) [potion of mutation]
 37751 | Zot:5    | Entered Level 5 of the Realm of Zot
 37841 | Zot:5    | Noticed Tungsten's ghost (legendary HaHu)
 37856 | Zot:5    | Killed Tungsten's ghost
 37874 | Zot:5    | Reached skill level 16 in Shields
 37875 | Zot:5    | Noticed an ancient lich
 37878 | Zot:5    | Killed an ancient lich
 37884 | Zot:5    | Noticed an orb of fire
 37887 | Zot:5    | Gained mutation: You are clumsy. (Dex -2) [an orb of fire]
 37888 | Zot:5    | Killed an orb of fire
 37934 | Zot:5    | Reached skill level 17 in Shields
 38008 | Zot:5    | Reached skill level 18 in Shields
 38021 | Zot:5    | Noticed an orb of fire
 38025 | Zot:5    | Killed an orb of fire
 38028 | Zot:5    | Noticed an orb of fire
 38029 | Zot:5    | Lost mutation: You are robust. (+10% HP) [an orb of fire]
 38030 | Zot:5    | Killed an orb of fire
 38037 | Zot:5    | Noticed an orb of fire
 38041 | Zot:5    | Killed an orb of fire
 38049 | Zot:5    | Got the Orb of Zot
 38058 | Zot:5    | Reached skill level 19 in Shields
 38177 | Zot:2    | Noticed Kon Hiept the pandemonium lord
 38180 | Zot:2    | Killed Kon Hiept the pandemonium lord
 38224 | Depths:5 | Identified the ring "Mify" {+Fly Dex+3} (You found it on level 5 of the Depths)
 38496 | D:12     | Noticed Neange the pandemonium lord
 38496 | D:12     | Noticed an ancient lich
 38522 | D:12     | Noticed Pekluun the pandemonium lord
 38532 | D:11     | Killed Pekluun the pandemonium lord
 38532 | D:11     | Reached skill level 20 in Shields
 38603 | D:7      | Noticed an ancient lich
 38609 | D:7      | Killed an ancient lich
 38742 | D:$      | Escaped with the Orb!

Vault maps used:
D:1:      grunt_arrival_crossed_arrows
D:2:      uniq_robin
D:3:      lemuel_doored_altar, lemuel_coloured_pillars_altar, first_bread,
          uniq_ijyb
D:4:      old_standard_altar, uniq_blork_the_orc
D:5:      grunt_temple_overflow_open, minmay_temple_entry_nine_rooms,
          minmay_misc_feat_cross, uniq_menkaure
D:6:      led_sif_book, old_standard_altar, serial_shops, shop, enter_ossuary_4,
          nrook_loot_triangle
D:7:      kennysheep_housing_project, serial_shops, kennysheep_mini,
          grunt_livestock, feat_on_display, uniq_duvessa
D:8:      hangedman_cross_stitches, david_lair_generic, uniq_gastronok,
          uniq_pikel, uniq_joseph
D:9:      lemuel_crystal_altar, uniq_grum
D:10:     minmay_bloctagon, david_orc_3
D:11:     nicolae_for_you_no_charge, uniq_fannar
D:13:     minmay_guarded_unrand_sword_of_power, basic_altar
D:14:     erik_vaults_1, minmay_misc_feat_roman, st_stairs_4
D:15:     grunt_enter_depths_snipers, lemuel_mausoleum_altar_yredelemnul,
          serial_shops, shop
Lair:1:   portal_ice_cave_entry_pillars_1, grunt_megastairs_4
Lair:2:   wad_woods_minihive, swamp_mist, infiniplex_staircase_pool_2
Lair:3:   grunt_megastairs_3
Lair:4:   nicolae_spider_entry_orb_guardian
Lair:5:   minmay_slime_entry_eyes, kennysheep_basilisk_garden
Lair:6:   due_jungle_book, uniq_nessos
Swamp:1:  evilmike_swamp_ruin_house_5
Swamp:2:  evilmike_swamp_ruin_house_2
Swamp:3:  nicolae_swamp_trees_clearing
Swamp:4:  swamp, swamp_pool4
Spider:2: spider_trap, uniq_arachne, uniq_louise, uniq_jorgrun
Spider:4: floodkiller_spider_rune_tomb, spider_trap
Slime:3:  cheibrodos_slime_lost_civilization_8
Orc:1:    uniq_urug
Orc:2:    st_orc_ogre_mass
Elf:1:    minmay_elf_arrival_plus, serial_shops, shop, basic_altar,
          hangedman_elf_represent, uniq_nikola, uniq_asterion, uniq_roxanne
Elf:2:    enter_trove_1, serial_shops, nicolae_shop_trees
Elf:3:    minmay_elf_hall_furrowed
Vaults:1: ontoclasm_vaults_spin, nicolae_vaults_network_periphery,
          vaults_room_pools, v_misc_4, nicolae_vaults_network_square,
          vaults_room_grid, vaults_room_grunt_arrival_ludios, v_misc_30,
          ontoclasm_vaults_ring_large, nicolae_vaults_circle_grid_b
Vaults:2: nicolae_vaults_shelves_hall, vaults_room_semicircle,
          minmay_crypt_entry_necro_gods, st_star, vaults_room_stairs_pillars,
          vaults_standard_mumra_enter_the_diamond, nicolae_vaults_rhombus_5,
          v_misc_14, nicolae_vaults_disjoint_gnomons, hangedman_vaults_locks,
          v_misc_33, v_misc_13, nicolae_vaults_little_squares_3
Vaults:3: nicolae_vaults_little_ls, nicolae_vaults_big_ls,
          nicolae_vaults_an_arrangement, hangedman_vaults_hat, v_rooms_1,
          vaults_room_fours, v_misc_22, ontoclasm_vaults_misaligned,
          vaults_dpeg_cross, v_misc_3, hangedman_vaults_slither, basic_altar,
          uniq_aizul
Vaults:4: v_pattern_2, vaults_standard_mumra_lines, grunt_vaults_funnel,
          st_lines, nicolae_vaults_specimen_jars, vaults_dpeg_diagonal,
          nicolae_vaults_circle_grid_a, grunt_vaults_focal, v_alt_pattern_6,
          grunt_vaults_diagonal, nicolae_vaults_ring_of_whatevers, v_misc_23,
          serial_shops, shop
Vaults:5: serial_shops
Crypt:1:  grunt_crypt_arrival_webbed
Crypt:3:  due_elkab, tomb_entry_simple_bobbens
Tomb:1:   uniq_sojobo, uniq_boris
Tomb:3:   uniq_mara
Depths:1: minmay_blocking_statues, grunt_decor_cap, hell_entry,
          serial_bayou_lagoon_a, nicolae_lava_and_water,
          kennysheep_generic_room_6
Depths:2: minmay_heptahexagon, dk_noncrumbling_3, hell_entry, minmay_shop_grove,
          infiniplex_staircase_pillars_1
Depths:3: minmay_the_grid_square_5x5_5x5, enter_ziggurat_e, hell_entry,
          rand_demon_pan_entry_7, serial_shops, nicolae_shop_statue_plus,
          grunt_ministairs_10, infiniplex_staircase_river, uniq_frederick
Depths:4: grunt_crosshair, hell_entry, abyss_entry, serial_shops,
          nicolae_shop_crystal, infiniplex_staircase_pool_1
Depths:5: hangedman_spin_cycle, hell_entry, pan_entry, abyss_entry
Dis:2:    hangedman_dis_chains
Dis:3:    grunt_dis_stairs_iron_hall
Dis:5:    hangedman_player_shredder
Dis:6:    hangedman_dis_decor_blocks_crown, nicolae_dis_strange_trophy_room
Dis:7:    dis_st
Geh:3:    special_room, evilmike_ambush
Geh:7:    geh_mu
Coc:7:    coc_dpeg
Tar:4:    grunt_megastairs_2
Tar:7:    tar_old
Abyss:2:  evilmike_abyss_exit_11
Abyss:3:  hangedman_grunt_abyss_rune_horror_hoard
Pan:      rand_demon_7, pan_disco_hall, nicolae_pan_cerebovesque_3,
          nicolae_pan_sigil_uleosi, rand_demon_9, lemuel_hellion_island,
          rand_demon_1, evilmike_holy_pan, rand_demon_4, rand_demon_9,
          nicolae_pan_sigil_eeng, pan_captured_pigsty, grunt_pan_pentagram,
          grunt_pan_frozen_over, rand_demon_5, evilmike_gloorx_vloq_box,
          pan_blood_fountain_small, rand_demon_2, special_room,
          evilmike_mini_pan_layers, pan_blood_fountain,
          regret_index_pan_draining_boxed, nicolae_pan_gloorx_vloqian_1,
          nicolae_pan_sigil_obb, evilmike_mini_pan_branches,
          nicolae_pan_door_chamber, pan_blood_fountain_small,
          gammafunk_dig_for_victory, lemuel_hall_of_pain,
          evilmike_mini_pan_corner, mnoleg, nicolae_pan_sick_transit,
          nicolae_pan_double_arrow, uniq_mennas_pan,
          evilmike_mini_pan_other_thingy, pan_blood_fountain,
          pan_blood_fountain_small, rand_demon_3, pan_blood_fountain,
          evilmike_mini_pan_possible_glass, nicolae_pan_glass_arcs,
          pan_blood_fountain_small, lom_lobon_st, nicolae_pan_hourglass,
          rand_demon_3, evilmike_cerebov_lava
Zig:2:    ziggurat_pillar_centre_c
Zig:5:    ziggurat_pillar_centre_dead_trees
Ossuary:  ossuary_due_cavern
IceCv:    ice_cave_tombish

Skill      XL: |  1  2  3  4  5  6  7  8  9 10 11 12 13 14 15 16 17 18 19 20 21 22 23 24 25 26 27 |
---------------+----------------------------------------------------------------------------------+-----
Shields        | 1 2 3 4 5 7 8 20 | 20.1
Fighting       | 2 3 5 6 8 9 10 12 13 15 16 18 24 | 24.6
Unarmed Combat | 3 7 10 12 14 15 16 17 18 19 20 26 | 26.0
Invocations    | 3 7 10 12 | 12.0
Dodging        | 5 9 10 12 13 15 16 21 | 21.4
Spellcasting   | 4 7 10 14 18 | 18.5
Transmutations | 3 7 9 13 | 13.0
Earth Magic    | 3 7 10 | 10.5
Necromancy     | 2 11 13 18 | 18.1
Translocations | 1 9 11 | 11.1
Evocations     | 6 |  6.2
Summonings     | 4 |  4.9
Stealth        | 17 | 17.1
Short Blades   | |  0.8

Action                   |  1- 3 |  4- 6 |  7- 9 | 10-12 | 13-15 | 16-18 | 19-21 | 22-24 | 25-27 || total
-------------------------+-------+-------+-------+-------+-------+-------+-------+-------+-------++-------
Melee: Whip              |    87 |   165 |       |    49 |       |       |       |       |       ||   301
       Short sword       |     5 |       |       |       |       |       |       |       |       ||     5
       Unarmed           |       |    48 |   146 |   578 |  1084 |   569 |   749 |   813 |  2860 ||  6847
       Morningstar       |       |       |   182 |     6 |       |       |       |       |       ||   188
       Peck              |       |       |       |       |       |       |       |       |    48 ||    48
 Fire: Blowgun           |       |       |       |       |     4 |     8 |       |       |     6 ||    18
Throw: Throwing net      |       |       |       |       |       |       |       |       |     1 ||     1
 Cast: Statue Form       |       |       |       |       |     2 |    74 |   114 |   118 |   345 ||   653
       Dragon Form       |       |       |       |       |       |     1 |       |       |       ||     1
       Apportation       |       |       |       |       |       |       |       |     2 |    10 ||    12
       Control Undead    |       |       |       |       |       |       |       |     8 |       ||     8
       Lee's Rapid Decon |       |       |       |       |       |       |       |     7 |    37 ||    44
       Lesser Beckoning  |       |       |       |       |       |       |       |     3 |    26 ||    29
       Passage of Golubr |       |       |       |       |       |       |       |     2 |    20 ||    22
       Blink             |       |       |       |       |       |       |       |     1 |     7 ||     8
       Passwall          |       |       |       |       |       |       |       |     2 |    83 ||    85
       Regeneration      |       |       |       |       |       |       |       |       |   117 ||   117
       Sublimation of Bl |       |       |       |       |       |       |       |       |     7 ||     7
       Irradiate         |       |       |       |       |       |       |       |       |     7 ||     7
Invok: Slouch            |       |       |       |     5 |    19 |    17 |    22 |    17 |    50 ||   130
       Bend Time         |       |       |       |       |     4 |       |       |       |    21 ||    25
       Temporal Distorti |       |       |       |       |       |     8 |     3 |     1 |     2 ||    14
       Step From Time    |       |       |       |       |       |     1 |       |     2 |     2 ||     5
 Abil: End Transformatio |       |       |       |       |       |       |     8 |    14 |    29 ||    51
       Evoke Invisibilit |       |       |       |       |       |       |       |       |     1 ||     1
Evoke: Wand              |     7 |    18 |    14 |    37 |    38 |    15 |     5 |       |    10 ||   144
       Lamp of fire      |       |       |       |       |       |       |     1 |       |       ||     1
  Use: Potion            |     2 |     5 |       |     4 |    12 |     7 |     4 |     6 |    24 ||    64
       Scroll            |     6 |     6 |     5 |    17 |    21 |    20 |    12 |    15 |    28 ||   130
 Stab: Sleeping          |       |     1 |    12 |    20 |    21 |     4 |    11 |    10 |    31 ||   110
       Paralysed         |       |       |       |    21 |    10 |     7 |       |       |       ||    38
       Distracted        |       |       |       |     2 |     4 |       |     3 |     1 |     7 ||    17
       Invisible         |       |       |       |       |    13 |       |     2 |       |     1 ||    16
       Confused          |       |       |       |       |       |     1 |       |       |       ||     1
  Eat: Chunk             |       |     3 |    11 |     3 |     2 |     1 |     7 |     3 |       ||    30
       Royal jelly       |       |       |     1 |     5 |     1 |     2 |     4 |     3 |     1 ||    17
       Meat ration       |       |       |       |     1 |     1 |     6 |     4 |     4 |     5 ||    21
       Fruit             |       |       |       |       |     3 |     4 |     3 |     6 |     7 ||    23
       Bread ration      |       |       |       |       |       |       |     2 |     4 |     9 ||    15
Armor: Leather armour    |    35 |    22 |       |       |       |       |       |       |       ||    57
       Ring mail         |       |    50 |   122 |    52 |       |       |       |       |       ||   224
       Skin              |       |       |       |    28 |    62 |   379 |   278 |   303 |  2098 ||  3148
       Troll leather arm |       |       |       |   208 |   233 |    13 |       |       |       ||   454
       Robe              |       |       |       |       |       |       |     1 |     3 |    20 ||    24
Dodge: Dodged            |    41 |    85 |   135 |   279 |   868 |   822 |  1035 |  1108 |  7532 || 11905
Block: Shield            |    22 |   115 |   233 |   527 |    75 |       |       |       |  8764 ||  9736
       Buckler           |       |       |       |       |   581 |   505 |   607 |   634 |   543 ||  2870
       Reflection        |       |       |       |       |       |       |       |       |    37 ||    37
